 Dungeon Crawl Stone Soup version 0.31-a0-1321-g5021b54cb2 (webtiles) character file.

Game seed: 14179236200042875111

152 experimilk the Grave Robber (level 5, -1/28 HPs)
             Began as a Deep Elf Necromancer on Dec 20, 2023.
             Slain by an orc
             ... wielding a +0 flail
              (7 damage)
             ... on level 3 of the Dungeon.
             The game lasted 00:07:57 (2460 turns).

experimilk the Grave Robber (Deep Elf Necromancer)  Turns: 2460, Time: 00:07:58

Health: -1/28      AC:  3    Str:  5    XL:     5   Next: 11%
Magic:  5/13       EV: 13    Int: 22    God:
Gold:   124        SH:  0    Dex: 15    Spells: 3/12 levels left

rFire   . . .        d - +0 mace (protect)
rCold   . . .        (no shield)
rNeg    . . .        a - +0 robe
rPois   .            (no helmet)
rElec   .            o - +0 cloak
rCorr   .            (no gloves)
SInv    .            (no boots)
Will    +....        (no amulet)
Stlth   ++           n - ring of willpower
HPRegen 0.24/turn    (no ring)
MPRegen 0.13/turn

%: no passive effects
@: animating dead
A: no striking features
a: no special abilities


You were on level 3 of the Dungeon.
You visited 1 branch of the dungeon, and saw 3 of its levels.

You collected 228 gold pieces.
You spent 104 gold pieces at shops.

Inventory:

Hand Weapons
 d - a +0 mace of protection (weapon)
Armour
 a - a +0 robe (worn)
 o - a +0 cloak (worn)
Jewellery
 n - a ring of willpower (left hand)
Wands
 r - a wand of flame (18)
Scrolls
 e - a scroll of noise
 f - a scroll of immolation {unknown}
 g - 2 scrolls of fog {unknown}
 h - a scroll of revelation {unknown}
 k - a scroll of teleportation {unknown}
 l - 5 scrolls of identify {unknown}
 m - 2 scrolls of enchant weapon {unknown}
 s - a scroll of vulnerability {unknown}
 t - a scroll of poison {unknown}
 u - 3 scrolls of enchant armour {unknown}
Potions
 b - a potion of magic
 c - 3 potions of heal wounds
 i - a potion of enlightenment {unknown}
 j - 2 potions of curing
 p - a potion of haste {unknown}
 q - a potion of berserk rage {unknown}


   Skills:
 - Level 3.4 Dodging
 - Level 3.5 Stealth
 - Level 4.0 Spellcasting
 * Level 6.4 Necromancy


You had 3 spell levels left.
You knew the following spells:

 Your Spells              Type           Power      Damage    Failure   Level
a - Animate Dead          Necr           32%        N/A       8%          4
b - Necrotise             Necr           100%       1d9       1%          1
g - Apportation           Tloc           8%         N/A       11%         1
x - Vampiric Draining     Necr           32%        2d8       2%          3

Your spell library contained the following spells:

 Spells                   Type           Power      Damage    Failure   Level
 Jinxbite                 Hex            8%         N/A       17%         2
 Agony                    Necr           32%        N/A       22%         5
 Alistair's Intoxication  Alch           2%         N/A       97%         5


Dungeon Overview and Level Annotations

Branches:
Dungeon (3/15)

Altars:
Qazlal

Shops:
D:2 !


Message History

The orc hits you with a +0 dagger. The orc hits you with a +0 mace.
The ball python bites you. The ball python barely misses you.
The orc barely misses you. The ball python bites you.
The ball python grabs you. The ball python constricts you.
You escape the ball python's grasp.
The ball python attacks as it pursues you!
The ball python bites you. The ball python misses you.
You hit the ball python but do no damage.
Your weapon exudes an aura of protection.
The ball python closely misses you. x2; The ball python bites you.
The ball python grabs you. The ball python constricts you.
You closely miss the ball python. The ball python barely misses you.
The ball python constricts you.
You hit the ball python.
The ball python is moderately wounded.
The ball python bites you. The ball python constricts you.
The ball python barely misses you. The ball python constricts you.
You sock the ball python!
You kill the ball python!
The orc barely misses you.
You hit the orc.
You kill the orc!
The orc hits you but does no damage.
You barely miss the orc. The orc hits you with a +0 flail.
You barely miss the orc. The orc hits you but does no damage.
Your orc zombie hits the orc.
The orc misses you.
You closely miss the orc.
The orc is lightly wounded.
Your orc zombie hits the orc.
The orc hits you with a +0 flail.
You barely miss the orc.
The orc is moderately wounded.
The orc hits you with a +0 flail.
Your orc zombie completely misses the orc.
You closely miss the orc.
The orc is moderately wounded.
The orc hits you with a +0 flail!
* * * LOW HITPOINT WARNING * * *
Your orc zombie barely misses the orc.
The orc hits you with a +0 flail!
You die...

.......o###.##.#.####.# #>....
.......oo..........##.###.####
#.#..######.##.###........# #.
#)##.# ####.##.># # #o##.#
#.##### ####.##.# #.#
#...o##.# #.# ####o##.# ###
#...oo@.# ####Z#### ...# ###.#
#.# #.# #.# #.


You could see 3 orcs and a friendly orc zombie.

Vanquished Creatures
  Ijyb (D:3)
  An iguana (D:2)
  3 adders
  3 dart slugs
  6 orcs (D:3)
  3 ball pythons
  6 bats
  An endoplasm (D:1)
  A giant cockroach (D:3)
  7 goblins
  2 hobgoblins
  8 jackals
  2 kobolds (D:2)
  A frilled lizard (D:1)
  2 rats
47 creatures vanquished.

Vanquished Creatures (collateral kills)
  An adder (D:2)
  2 ball pythons (D:2)
  A kobold (D:2)
4 creatures vanquished.

Vanquished Creatures (others)
  3 orc zombies (D:3)
3 creatures vanquished.

Grand Total: 54 creatures vanquished

Notes
Turn   | Place    | Note
-------+----------+-------------------------------------------
     0 | D:1      | experimilk the Deep Elf Necromancer began the quest for the
                  | Orb.
     0 | D:1      | Reached XP level 1. HP: 10/10 MP: 6/6
   366 | D:1      | Reached skill level 5 in Necromancy
   366 | D:1      | Reached XP level 2. HP: 15/15 MP: 5/8
  1247 | D:2      | Found Romalec's Distillery.
  1255 | D:2      | Bought a potion of heal wounds for 65 gold pieces
  1255 | D:2      | Bought a potion of curing for 39 gold pieces
  1261 | D:2      | Reached XP level 3. HP: 18/19 MP: 5/10
  1265 | D:2      | Learned a level 3 spell: Vampiric Draining
  1528 | D:2      | Reached XP level 4. HP: 22/24 MP: 7/12
  1748 | D:2      | Learned a level 1 spell: Apportation
  1766 | D:3      | Found a faded altar of an unknown god.
  1842 | D:3      | Noticed Ijyb
  1868 | D:3      | Killed Ijyb
  1870 | D:3      | Reached skill level 6 in Necromancy
  2011 | D:3      | Found a stormy altar of Qazlal.
  2229 | D:3      | Learned a level 4 spell: Animate Dead
  2364 | D:3      | Reached XP level 5. HP: 28/28 MP: 11/13
  2460 | D:3      | Slain by an orc

Illustrated notes

Levels and vault maps discovered:
D:1:      moated_graveyard_arrival, layout_rooms, nrook_mini_backslash,
          moated_statue, serial_bayou_lagoon_a, roderic_roman_lattice,
          minmay_cut_off
D:2:      layout_basic, serial_shops, shop
D:3:      layout_basic, chei_slow_surprise, grunt_qazlal_sundering,
          biasface_ghost_orc_armoury, nicolae_ecumenical_pavilion, uniq_ijyb

Skill      XL: |  1  2  3  4 |
---------------+-------------+-----
Necromancy     | 5 6 |  6.4
Stealth        | 3 |  3.5
Dodging        | 3 |  3.4
Spellcasting   | 4 |  4.0

Action                     |  1- 3 |  4- 6 || total
---------------------------+-------+-------++-------
  Melee: Mace              |     1 |    33 ||    34
   Cast: Necrotise         |    41 |    38 ||    79
         Vampiric Draining |       |     3 ||     3
         Animate Dead      |       |     2 ||     2
    Use: Scroll            |     1 |       ||     1
 Armour: Robe              |     2 |    35 ||    37
  Dodge: Dodged            |     3 |    44 ||    47

Table legend: (Time is in decaauts)
 A = Elapsed time spent in this place.
 B = Non-inter-level travel time spent in this place.
 C = Inter-level travel time spent in this place.
 D = Time resting spent in this place.
 E = Time spent auto-exploring this place.
 F = Levels seen in this place.
 G = Mean time per level.
                   A        B        C        D        E       F      G
               +--------+--------+--------+--------+--------+-----+--------+
         Total |   2487 |   2448 |     39 |    255 |   1819 |   3 |  829.0 |
       Dungeon |   2487 |   2448 |     39 |    255 |   1819 |   3 |  829.0 |
               +--------+--------+--------+--------+--------+-----+--------+

Top non-repeatable levels by time:
     D:2: 1080 daAuts
     D:3: 706 daAuts
     D:1: 700 daAuts
